 Dungeon Crawl Stone Soup version 0.30-a0-58-gc0703345a7 (webtiles) character file.

Game seed: 2308695573300516016

830 ytrimaz the Trooper (level 7, -5/60 HPs)
             Began as a Demonspawn Gladiator on Sept 12, 2022.
             Succumbed to their own poison gas
             ... on level 4 of the Dungeon.
             The game lasted 00:08:05 (5369 turns).

ytrimaz the Trooper (Demonspawn Gladiator)          Turns: 5369, Time: 00:08:06

Health: -5/60      AC:  8    Str: 16    XL:     7   Next: 65%
Magic:  16/16      EV: 12    Int:  9    God:
Gold:   219        SH:  0    Dex: 15    Spells: 6/6 levels left

rFire   . . .      SeeInvis .    o - +2 hand axe (vorpal)
rCold   . . .      Faith    .    (no shield)
rNeg    . . .      Spirit   .    m - +0 ring mail
rPois   .          Reflect  .    (helmet restricted)
rElec   .          Harm     .    n - +0 cloak
rCorr   .          Rampage  .    i - +0 pair of gloves
Will    .....                    b - +0 pair of boots
Stlth   +.........               c - amulet of the acrobat
HPRegen 0.20/turn                k - ring of magical power
MPRegen 0.15/turn                (no ring)

@: lethally poisoned (-5 -> -24)
A: antennae 2, sturdy frame 2
a: no special abilities


You were on level 4 of the Dungeon.
You visited 1 branch of the dungeon, and saw 5 of its levels.

You collected 219 gold pieces.


Innate Abilities, Weirdness & Mutations

You have a pair of antennae on your head.
Your movements are less encumbered by armour. (ER -4)


   Skills:
 * Level 7.3 Fighting
 + Level 5.2 Axes
 - Level 1.7 Throwing
 - Level 2.6 Dodging


You had 6 spell levels left.
You didn't know any spells.
Your spell library contained the following spells:

 Spells                   Type           Power      Damage    Failure   Level
 Blink                    Tloc           0%         N/A       56%         2
 Call Canine Familiar     Summ           0%         N/A       80%         3
 Portal Projectile        Hex/Tloc       0%         N/A       80%         3
 Leda's Liquefaction      Hex/Erth       0%         N/A       99%         4
 Manifold Assault         Tloc           0%         N/A       100%        5
 Storm Form               Tmut/Air       0%         N/A       100%        7

Inventory:

Hand Weapons
 a - a +0 war axe
 o - a +2 vorpal hand axe (weapon)
   (You took it off an orc on level 3 of the Dungeon)
Missiles
 d - 4 throwing nets (quivered)
Armour
 b - a +0 pair of boots (worn)
   (You found it on level 3 of the Dungeon)
 i - a +0 pair of gloves (worn)
   (You found it on level 5 of the Dungeon)
 m - a +0 ring mail (worn)
   (You found it on level 3 of the Dungeon)
 n - a +0 cloak (worn)
   (You found it on level 1 of the Dungeon)
Jewellery
 c - an amulet of the acrobat (around neck)
   (You found it on level 4 of the Dungeon)
 k - a ring of magical power (left hand)
   (You found it on level 5 of the Dungeon)
Scrolls
 h - 3 scrolls of teleportation
 j - a scroll of silence
 l - a scroll of butterflies
 q - a scroll of magic mapping
Potions
 f - a potion of flight

Dungeon Overview and Level Annotations

Branches:
Dungeon (5/15) Zot: 24565
 Temple: D:4-7

Altars:
Qazlal

Annotations:
D:4 Dowan, Duvessa

#.....'....... #....'.
#§°°°o#o...... #....#.
+○°§○☼#....... #....#.
#§○.☼§#.....o. ##....#.
#######§e§§§#...##o.{#.....+.
#....§§.☼○§§#...# .{+....<#.
#....☼☼☼○§§☼#...# ##....##
#....§○○☼§○§#...##.. #......
#....☼§§☼§§§@....... #####'##
#....§§§○☼○§#....... #......#
#....☼☼°§§§°#....... #......#
#....☼☼§°○§°#....... #.....>.
#(...§§§○○☼§#....[.. #.......
#...........######.. #.......
#############...######.......
#...........#.......
#....###....#.......


You could see Duvessa and 2 orcs.


Message History

You take 6 damage, and now have 53/59 hp.
You hit Grinder. Grinder closely misses you.
You hit Grinder but do no damage. Grinder barely misses you.
You hit Grinder. Grinder misses you.
You slash Grinder! Grinder barely misses you. 😕 HP[+1]
You slash Grinder! Grinder gestures at you.
You suddenly lose the ability to move!
Grinder barely misses you.
You can move again.
Unknown command.
Unknown command.
You hit Grinder but do no damage. Grinder barely misses you.
You closely miss Grinder. Grinder gestures at you.
You resist with significant effort.
Unknown command.
You hit Grinder.
You kill Grinder!
Your Fighting skill increases to level 7!
Your Axes skill increases to level 5! 😕 HP[+1]
You now have 60 max hp (+1). 😕 HP[+1] Unknown command.
There is a stone staircase leading up here.
You open the door.
An orc comes into view. It is wielding a +0 hand axe.
The orc shouts!
You hear a shout! 😎 HP[+4]
Your hp is fully restored (60).
An orc is nearby!
An orc is nearby!
Duvessa, Dowan and 2 orcs come into view.
Duvessa is wielding a +0 short sword of distortion.
Dowan is wielding a +3 dagger of flaming.
Dowan shouts!
The orc shouts!
There is an open door here.
Okay, then.
Okay, then.
The orc completely misses you.
Okay, then.
Okay, then.
You hit the orc. The orc barely misses you.
You hit the orc.
You kill the orc!
Really read the scroll of poison?
The air fills with toxic fumes!
As you read the scroll of poison, it crumbles to dust.
Duvessa hits you with a +0 short sword of distortion.
Space warps horribly around you! 😮 HP[-21]
You take 21 damage, and now have 39/60 hp.
MASSIVE DAMAGE!! (PAUSE) Unknown command.
You hit Duvessa but do no damage. 😮 HP[+1]
You completely miss Duvessa.
Duvessa hits you with a +0 short sword of distortion.
Space warps around you. 😮 HP[-5]
You take 5 damage, and now have 35/60 hp.
You hit Duvessa. You slash Duvessa!
Duvessa hits you with a +0 short sword of distortion!
* * * LOW HITPOINT WARNING * * *
You blink. 😨 HP[-9]
You take 9 damage, and now have 26/60 hp.
You are engulfed in poison gas.
You are poisoned.
* * * LOW HITPOINT WARNING * * *
You feel very sick.
Dowan casts a spell.
Dowan blinks! 😨 HP[-6]
You take 6 damage, and now have 20/60 hp.
Unknown command.
You open the door.
You are engulfed in poison gas.
You are lethally poisoned!
* * * LOW HITPOINT WARNING * * *
x2 You feel extremely sick. 😱 HP[-14]
You take 14 damage, and now have 6/60 hp.
MASSIVE DAMAGE!! (PAUSE)
* * * LOW HITPOINT WARNING * * *
You feel very sick.
There is an open door here. 😱 HP[-5]
You take 5 damage, and now have 1/60 hp.
Unknown command.
Okay, then.
Press: ? - help, v - describe, . - travel
Here: Duvessa, wielding a +0 short sword of distortion and wearing a +0 chain mail (heavily wounded)
The floor, spattered with blood.
Throw: javelin
Press: ? - help, Q - select action, (/) - cycle Shift-Dir - straight line, f - Duvessa
Aim: Duvessa, wielding a +0 short sword of distortion and wearing a +0 chain mail (heavily wounded, 72% to hit)
You throw a javelin. The javelin barely misses Duvessa.
You die...

Skill      XL: |  1  2  3  4  5  6  7 |
---------------+----------------------+-----
Axes           | 3 4 5 |  5.2
Fighting       | 3 5 6 7 |  7.3
Throwing       | |  1.7
Dodging        | |  2.6

Action                   |  1- 3 |  4- 6 |  7- 9 || total
-------------------------+-------+-------+-------++-------
Melee: War axe           |    94 |    87 |    26 ||   207
       Punch             |       |     2 |     1 ||     3
       Hand axe          |       |       |    27 ||    27
Throw: Throwing net      |     5 |     1 |       ||     6
       Javelin           |     1 |       |     1 ||     2
  Use: Scroll            |     7 |     2 |     2 ||    11
       Potion            |     1 |     1 |       ||     2
 Stab: Sleeping          |       |     1 |       ||     1
Armor: Leather armour    |    38 |    20 |     3 ||    61
       Ring mail         |       |       |    10 ||    10
Dodge: Dodged            |    87 |    61 |    36 ||   184

Levels and vault maps discovered:
D:1:      saegor_arrival_fortress, layout_rooms,
          hellmonk_ecumenical_altar_watching_god
D:2:      layout_basic, uniq_natasha, uniq_sigmund
D:3:      layout_basic
D:4:      layout_gridville, kennysheep_mini, grunt_qazlal_sundering,
          uniq_menkaure, uniq_duvessa, uniq_grinder
D:5:      layout_cave_pools

Notes
Turn   | Place    | Note
-------+----------+-------------------------------------------
     0 | D:1      | ytrimaz the Demonspawn Gladiator began the quest for the
                  | Orb.
     0 | D:1      | Reached XP level 1. HP: 16/16 MP: 1/1
     0 | D:1      | magus.rc [v1.9.6]
   129 | D:1      | Found a faded altar of an unknown god.
   132 | D:1      | Noticed a great orb of eyes
   203 | D:1      | Noticed a great orb of eyes
   204 | D:1      | Noticed an eye of devastation
   204 | D:1      | Noticed a golden eye
   268 | D:1      | Gained mutation: Your movements are slightly less
                  | encumbered by armour. (ER -2) [demonic ancestry]
   268 | D:1      | Reached XP level 2. HP: 22/23 MP: 2/2
   559 | D:1      | You pick up a book of the Hunter and begin reading...
   559 | D:1      | You add the spells Call Canine Familiar, Portal Projectile
                  | and Leda's Liquefaction to your library.
   572 | D:1      | You add the spells Blink, Manifold Assault and Storm Form
                  | to your library.
   682 | D:2      | Reached skill level 3 in Axes
   692 | D:2      | HP: 4/23 [adder (3)]
   693 | D:2      | Reached skill level 3 in Fighting
   699 | D:2      | Reached XP level 3. HP: 6/29 MP: 3/3
  1326 | D:2      | Noticed Sigmund
  1333 | D:2      | HP: 4/29 [Sigmund/+2 vorpal scythe (9)]
  1649 | D:2      | Found the +8 trishula "Condemnation" {holy, anguish, *Noise
                  | Fly rN+}
  1794 | D:2      | HP: 7/29 [Sigmund/+2 vorpal scythe (1)]
  2074 | D:2      | Killed Sigmund
  2075 | D:2      | Reached skill level 5 in Fighting
  2075 | D:2      | Reached skill level 4 in Axes
  2075 | D:2      | Gained mutation: You have a pair of small antennae on your
                  | head. [demonic ancestry]
  2075 | D:2      | Reached XP level 4. HP: 16/39 MP: 4/4
  2075 | D:2      | Gained mutation: You have a pair of antennae on your head.
                  | [demonic ancestry]
  2075 | D:2      | Reached XP level 5. HP: 18/44 MP: 5/5
  2317 | D:2      | Noticed Natasha
  2325 | D:2      | Killed Natasha
  2620 | D:2      | Gained mutation: Your movements are less encumbered by
                  | armour. (ER -4) [demonic ancestry]
  2620 | D:2      | Reached XP level 6. HP: 32/51 MP: 6/6
  2877 | D:2      | Noticed Natasha
  2893 | D:2      | HP: 11/51 [Natasha (6)]
  2893 | D:2      | HP: 4/51 [Natasha (7)]
  2895 | D:2      | Killed Natasha
  2956 | D:2      | Noticed Natasha
  3182 | D:2      | Killed Natasha
  3468 | D:3      | You fall into a shaft and drop 2 floors!
  3468 | D:5      | Entered Level 5 of the Dungeon
  3734 | D:4      | Reached skill level 6 in Fighting
  4004 | D:4      | Noticed Menkaure
  4022 | D:4      | HP: 6/52 [Menkaure/nerve-wracking pain (10)]
  4024 | D:4      | Killed Menkaure
  4025 | D:4      | Reached XP level 7. HP: 8/59 MP: 7/7
  4449 | D:4      | Found a stormy altar of Qazlal.
  5310 | D:4      | Noticed Grinder
  5317 | D:4      | Paralysed by Grinder for 2 turns
  5321 | D:4      | Killed Grinder
  5322 | D:4      | Reached skill level 7 in Fighting
  5322 | D:4      | Reached skill level 5 in Axes
  5349 | D:4      | Noticed Duvessa
  5349 | D:4      | Noticed Dowan
  5367 | D:4      | HP: 12/60 [cloud of poison gas (8)]
  5368 | D:4      | HP: 1/60 [poisoned by you (poison gas)]
  5369 | D:4      | Succumbed to their own poison gas

Vanquished Creatures
  Grinder (D:4)
  Sigmund (D:2)
  Menkaure (D:4)
  3 scorpions
  Natasha (thrice) (D:2)
  5 adders
  4 worms (D:2)
  2 dart slugs
  5 orcs
  8 ball pythons
  5 endoplasms
  3 giant cockroaches
  3 goblins
  4 hobgoblins
  9 kobolds
  A quokka (D:2)
  6 bats
  2 frilled lizards
  2 rats
68 creatures vanquished.

Table legend:
 A = Non-vault XP
 B = Vault XP
 C = Vault XP percentage of total XP
 D = Non-vault monster count
 E = Vault monster count
 F = Vault count percentage of total count
                 A         B        C        D         E       F
            +---------+---------+-------+---------+---------+-------
      Total |     492 |     695 |  58.6 |      64 |       4 |   5.9
            +---------+---------+-------+---------+---------+-------
        D:1 |      21 |       0 |   0.0 |      12 |       0 |   0.0
        D:2 |     160 |     274 |  63.1 |      28 |       2 |   6.7
        D:3 |     109 |       0 |   0.0 |      14 |       0 |   0.0
        D:4 |     103 |     421 |  80.3 |       7 |       2 |  22.2
        D:5 |      99 |       0 |   0.0 |       3 |       0 |   0.0
            +---------+---------+-------+---------+---------+-------

Illustrated notes

Table legend:
 A = Kills in this place as a percentage of kills in entire the game.
 B = Kills by you in this place as a percentage of kills by you in the entire game.
 C = Kills by friends in this place as a percentage of kills by friends in the entire game.
 D = Other kills in this place as a percentage of other kills in the entire game.
 E = Experience gained in this place as a percentage of experience gained in the entire game.
 F = Experience gained in this place divided by the number of levels of this place that you have seen.
                   A       B       C       D       E      F
               +-------+-------+-------+-------+-------+----------------------
         Total | 100.0 | 100.0 |   N/A |   N/A | 100.0 | 237.4
       Dungeon | 100.0 | 100.0 |   N/A |   N/A | 100.0 | 237.4
               +-------+-------+-------+-------+-------+----------------------

Table legend: (Time is in decaauts)
 A = Elapsed time spent in this place.
 B = Non-inter-level travel time spent in this place.
 C = Inter-level travel time spent in this place.
 D = Time resting spent in this place.
 E = Time spent auto-exploring this place.
 F = Levels seen in this place.
 G = Mean time per level.
                   A        B        C        D        E       F      G
               +--------+--------+--------+--------+--------+-----+--------+
         Total |   5434 |   5202 |    232 |   1270 |   3102 |   5 | 1086.8 |
       Dungeon |   5434 |   5202 |    232 |   1270 |   3102 |   5 | 1086.8 |
               +--------+--------+--------+--------+--------+-----+--------+

Top non-repeatable levels by time:
     D:2: 2242 daAuts
     D:1: 1285 daAuts
     D:4: 1141 daAuts
     D:3: 713 daAuts
     D:5: 52 daAuts
